[ AOE2 MATCH · #507028740 ]
UnrankedFranks vs Huns
Player's team · WIN
Rival team · LOSS
[ REPLAY ANALYSIS · EXTRACTED FROM THE RECORDED GAME ]
Feudal
12:37
Castle
—
Imperial
—
| APM avg | 76.9 |
| APM peak | 144 |
| eAPM avg | 50.6 |
| Villagers / military | 85 / 75 |
Focus
⚔️ 61.7% · 🌾 38.3%
Scout Cavalry ×37 · Archer ×22 · Militia ×12 · Skirmisher ×3 · Spearman ×1
Feudal
11:14
Castle
—
Imperial
—
| APM avg | 46.0 |
| APM peak | 84 |
| eAPM avg | 23.2 |
| Villagers / military | 103 / 43 |
Focus
⚔️ 34.8% · 🌾 65.2%
Militia ×31 · Spearman ×12
Match map
Initial resources + every placement click. Lines = walls · curves = elevation contours. ◆ gold · ⬟ stone · ● berries · ✦ relic · ◌ wall gap
Your base· Open — 3t gap
Failey's base· Open — unwalled flank
Smoothed initial terrain · ◌ = detected wall gap · hover for details
Inputs per minute
— KIV.YourAddHere - - Failey
Build order — KIV.YourAddHere
First 150 of 219 actions detected
| 0:01 | Queue | Villager (Male) |
| 0:02 | Build | House |
| 0:04 | Build | House |
| 0:12 | Queue | Villager (Male) ×3 |
| 0:12 | Queue | Villager (Male) ×3 |
| 0:12 | Queue | Villager (Male) ×3 |
| 1:36 | Queue | Villager (Male) |
| 2:01 | Queue | Villager (Male) |
| 2:13 | Build | Barracks |
| 2:19 | Queue | Villager (Male) |
| 2:20 | Queue | Villager (Male) |
| 2:47 | Research | Loom |
| 3:28 | Queue | Villager (Male) |
| 3:29 | Queue | Villager (Male) |
| 4:34 | Queue | Villager (Male) ×2 |
| 5:14 | Queue | Villager (Male) |
| 5:14 | Queue | Villager (Male) |
| 5:14 | Queue | Villager (Male) |
| 5:14 | Queue | Villager (Male) |
| 5:25 | Queue | Militia |
| 5:25 | Queue | Militia |
| 5:25 | Queue | Militia |
| 5:29 | Build | House |
| 5:49 | Queue | Militia |
| 5:49 | Queue | Militia |
| 5:49 | Queue | Militia |
| 6:21 | Queue | Villager (Male) |
| 6:21 | Queue | Villager (Male) |
| 6:21 | Queue | Villager (Male) |
| 6:38 | Queue | Villager (Male) |
| 6:38 | Queue | Villager (Male) |
| 7:07 | Queue | Villager (Male) |
| 7:07 | Queue | Villager (Male) |
| 7:08 | Queue | Villager (Male) |
| 7:09 | Build | House |
| 7:15 | Queue | Villager (Male) |
| 7:15 | Queue | Villager (Male) |
| 7:15 | Queue | Villager (Male) |
| 7:55 | Queue | Militia |
| 8:06 | Build | Mill |
| 8:14 | Queue | Villager (Male) |
| 8:16 | Build | House |
| 8:41 | Build | House |
| 9:06 | Queue | Villager (Male) |
| 9:43 | Queue | Villager (Male) |
| 9:48 | Build | Farm |
| 10:27 | Research | Feudal Age |
| 10:27 | Research | Feudal Age |
| 10:27 | Research | Feudal Age |
| 10:34 | Build | Lumber Camp |
| 10:52 | Queue | Militia |
| 11:34 | Build | Palisade Wall |
| 11:42 | Build | Farm |
| 11:43 | Queue | Villager (Male) |
| 12:35 | Queue | Villager (Male) |
| 12:37 | Age | Feudal Age |
| 12:39 | Research | Man-at-Arms (upgrade) |
| 12:40 | Research | Man-at-Arms (upgrade) |
| 12:49 | Build | Farm |
| 12:50 | Build | Farm |
| 13:07 | Queue | Villager (Male) |
| 13:13 | Queue | Villager (Male) |
| 13:14 | Build | Farm |
| 13:23 | Research | Double-Bit Axe |
| 13:27 | Queue | Villager (Male) |
| 13:48 | Queue | Villager (Male) |
| 14:00 | Build | Farm |
| 14:10 | Queue | Militia |
| 14:38 | Queue | Villager (Male) |
| 14:59 | Build | Palisade Gate |
| 15:00 | Queue | Villager (Male) |
| 15:02 | Queue | Villager (Male) |
| 15:03 | Build | Farm |
| 15:29 | Queue | Villager (Male) |
| 15:31 | Build | Farm |
| 15:55 | Build | House |
| 16:01 | Queue | Villager (Male) |
| 16:04 | Queue | Militia |
| 16:10 | Build | Farm |
| 16:13 | Research | Town Watch |
| 16:13 | Research | Town Watch |
| 16:24 | Queue | Villager (Male) |
| 16:39 | Build | Mining Camp |
| 16:43 | Queue | Spearman |
| 17:32 | Build | Palisade Gate |
| 17:45 | Queue | Villager (Male) |
| 17:53 | Queue | Villager (Male) |
| 17:54 | Queue | Militia |
| 18:06 | Build | Farm |
| 18:07 | Queue | Villager (Male) |
| 18:11 | Build | Archery Range |
| 18:13 | Queue | Villager (Male) |
| 18:16 | Build | Farm |
| 18:16 | Build | Farm |
| 18:18 | Build | Farm |
| 18:24 | Build | Farm |
| 18:38 | Queue | Villager (Male) |
| 18:42 | Queue | Villager (Male) |
| 18:48 | Queue | Militia |
| 18:50 | Build | House |
| 18:54 | Queue | Skirmisher ×3 |
| 18:56 | Queue | Villager (Male) ×2 |
| 18:58 | Build | House |
| 19:07 | Build | House |
| 19:08 | Build | House |
| 19:25 | Build | House |
| 19:28 | Build | House |
| 19:30 | Build | Palisade Wall |
| 19:32 | Queue | Villager (Male) |
| 19:39 | Build | House |
| 19:44 | Queue | Archer |
| 19:52 | Build | Palisade Wall |
| 19:53 | Build | Palisade Wall |
| 20:06 | Build | Palisade Gate |
| 20:07 | Build | Palisade Wall |
| 20:28 | Build | Palisade Gate |
| 20:39 | Build | House |
| 21:07 | Queue | Villager (Male) |
| 21:23 | Queue | Archer |
| 21:31 | Build | Farm |
| 22:20 | Build | Farm |
| 22:22 | Build | Farm |
| 22:31 | Build | Archery Range |
| 22:33 | Queue | Villager (Male) |
| 22:37 | Build | Stable |
| 23:01 | Queue | Villager (Male) |
| 23:05 | Queue | Archer |
| 23:05 | Queue | Archer |
| 23:22 | Queue | Villager (Male) |
| 23:29 | Queue | Scout Cavalry |
| 23:29 | Queue | Scout Cavalry |
| 23:30 | Queue | Scout Cavalry |
| 23:30 | Queue | Scout Cavalry |
| 23:30 | Queue | Scout Cavalry |
| 23:30 | Queue | Scout Cavalry |
| 23:49 | Queue | Scout Cavalry |
| 23:50 | Build | House |
| 23:59 | Queue | Villager (Male) |
| 24:13 | Build | Farm |
| 24:22 | Queue | Scout Cavalry |
| 24:25 | Queue | Scout Cavalry |
| 24:26 | Build | House |
| 24:46 | Build | Farm |
| 24:47 | Queue | Villager (Male) |
| 24:58 | Queue | Archer ×2 |
| 25:00 | Queue | Scout Cavalry ×5 |
| 25:03 | Queue | Villager (Male) ×3 |
| 25:07 | Build | Palisade Wall |
| 25:21 | Build | Lumber Camp |
| 25:30 | Queue | Villager (Male) |
Build order — Failey
First 150 of 202 actions detected
| 0:00 | Queue | Villager (Male) |
| 0:01 | Queue | Villager (Male) |
| 0:09 | Research | Loom |
| 0:20 | Queue | Villager (Male) |
| 0:27 | Queue | Villager (Male) |
| 0:33 | Queue | Villager (Male) |
| 0:33 | Queue | Villager (Male) |
| 2:00 | Queue | Villager (Male) |
| 2:28 | Queue | Villager (Male) |
| 2:29 | Queue | Villager (Male) |
| 2:39 | Build | Palisade Wall |
| 2:40 | Build | Palisade Wall |
| 2:42 | Build | Palisade Wall |
| 2:55 | Queue | Villager (Male) |
| 2:59 | Build | Palisade Wall |
| 3:23 | Queue | Villager (Male) |
| 3:23 | Queue | Villager (Male) |
| 3:45 | Queue | Villager (Male) |
| 4:09 | Build | Palisade Wall |
| 4:14 | Build | Palisade Wall |
| 4:18 | Queue | Villager (Male) |
| 4:18 | Queue | Villager (Male) |
| 5:01 | Build | Lumber Camp |
| 5:12 | Queue | Villager (Male) |
| 5:12 | Queue | Villager (Male) |
| 5:33 | Queue | Villager (Male) |
| 5:33 | Queue | Villager (Male) |
| 6:05 | Queue | Villager (Male) |
| 6:05 | Queue | Villager (Male) |
| 6:15 | Queue | Villager (Male) |
| 6:16 | Queue | Villager (Male) |
| 6:22 | Build | Mill |
| 6:53 | Queue | Villager (Male) |
| 6:53 | Queue | Villager (Male) |
| 7:12 | Queue | Villager (Male) |
| 7:15 | Queue | Villager (Male) |
| 7:37 | Build | Palisade Wall |
| 7:39 | Build | Palisade Wall |
| 7:47 | Queue | Villager (Male) |
| 7:58 | Queue | Villager (Male) |
| 7:58 | Queue | Villager (Male) |
| 8:10 | Queue | Villager (Male) |
| 9:04 | Research | Feudal Age |
| 9:23 | Build | Barracks |
| 9:40 | Queue | Villager (Male) |
| 10:05 | Build | Palisade Wall |
| 10:21 | Build | Palisade Wall |
| 10:34 | Build | Mill |
| 10:41 | Queue | Militia |
| 10:53 | Queue | Villager (Male) |
| 11:14 | Age | Feudal Age |
| 11:54 | Queue | Villager (Male) |
| 11:56 | Build | Farm |
| 12:00 | Queue | Villager (Male) |
| 12:01 | Queue | Militia |
| 12:05 | Queue | Villager (Male) |
| 12:38 | Build | Farm |
| 12:39 | Build | Farm |
| 12:39 | Build | Farm |
| 12:48 | Queue | Villager (Male) |
| 12:48 | Queue | Villager (Male) |
| 13:13 | Build | Watch Tower |
| 14:16 | Build | Farm |
| 14:17 | Build | Farm |
| 14:41 | Build | Palisade Wall |
| 14:48 | Build | Palisade Wall |
| 14:49 | Build | Palisade Wall |
| 14:52 | Queue | Villager (Male) |
| 14:54 | Build | Palisade Wall |
| 15:09 | Queue | Villager (Male) |
| 15:24 | Queue | Militia |
| 15:37 | Build | Mining Camp |
| 15:39 | Queue | Villager (Male) |
| 15:39 | Queue | Villager (Male) |
| 15:42 | Build | Farm |
| 15:45 | Build | Farm |
| 15:46 | Queue | Villager (Male) |
| 15:50 | Build | Farm |
| 16:03 | Research | Man-at-Arms (upgrade) |
| 16:21 | Queue | Militia |
| 16:35 | Queue | Villager (Male) |
| 16:35 | Queue | Villager (Male) |
| 16:39 | Build | Farm |
| 17:01 | Queue | Villager (Male) |
| 17:01 | Queue | Villager (Male) |
| 17:09 | Queue | Militia |
| 17:28 | Queue | Villager (Male) |
| 17:53 | Build | Palisade Wall |
| 17:54 | Build | Palisade Wall |
| 17:57 | Build | Palisade Wall |
| 18:03 | Queue | Villager (Male) |
| 18:05 | Queue | Militia |
| 18:06 | Queue | Militia |
| 18:10 | Build | Farm |
| 18:14 | Queue | Militia ×2 |
| 18:14 | Queue | Militia ×2 |
| 18:20 | Queue | Villager (Male) |
| 18:24 | Build | Farm |
| 18:26 | Queue | Villager (Male) |
| 18:31 | Queue | Militia |
| 18:32 | Queue | Militia |
| 19:03 | Queue | Villager (Male) |
| 19:09 | Queue | Villager (Male) |
| 19:14 | Research | Double-Bit Axe |
| 19:25 | Queue | Villager (Male) |
| 19:36 | Queue | Villager (Male) |
| 19:42 | Queue | Militia |
| 19:43 | Queue | Militia |
| 19:43 | Queue | Villager (Male) |
| 19:52 | Queue | Villager (Male) |
| 20:00 | Queue | Villager (Male) |
| 20:04 | Queue | Villager (Male) |
| 20:14 | Queue | Villager (Male) |
| 20:23 | Queue | Militia |
| 20:37 | Build | Palisade Wall |
| 20:49 | Queue | Militia |
| 20:54 | Queue | Villager (Male) |
| 20:56 | Queue | Villager (Male) |
| 21:08 | Queue | Villager (Male) |
| 21:09 | Queue | Villager (Male) |
| 21:14 | Queue | Militia |
| 21:15 | Queue | Villager (Male) |
| 21:17 | Queue | Villager (Male) |
| 21:31 | Queue | Villager (Male) |
| 21:31 | Queue | Villager (Male) |
| 21:39 | Queue | Militia ×2 |
| 21:39 | Queue | Villager (Male) |
| 21:39 | Queue | Villager (Male) |
| 21:46 | Build | Farm |
| 21:46 | Build | Farm |
| 21:56 | Queue | Militia |
| 21:57 | Queue | Villager (Male) |
| 22:09 | Build | Blacksmith |
| 22:14 | Build | Barracks |
| 22:16 | Queue | Villager (Male) |
| 22:34 | Queue | Villager (Male) |
| 22:34 | Queue | Villager (Male) |
| 22:55 | Research | Scale Mail Armor |
| 23:16 | Build | Farm |
| 23:16 | Build | Farm |
| 23:32 | Queue | Villager (Male) |
| 23:32 | Queue | Villager (Male) |
| 23:49 | Queue | Villager (Male) |
| 24:03 | Build | Palisade Wall |
| 24:06 | Build | Palisade Wall |
| 24:19 | Queue | Villager (Male) |
| 24:19 | Queue | Villager (Male) |
| 24:26 | Queue | Militia |
| 24:58 | Queue | Villager (Male) |
| 24:58 | Queue | Villager (Male) |
Match timeline
| 2:13 | KIV.YourAddHere · first_building Barracks |
| 2:39 | Failey · wall_segment Palisade Wall x1 |
| 2:40 | Failey · wall_segment Palisade Wall x1 |
| 2:42 | Failey · wall_segment Palisade Wall x1 |
| 2:59 | Failey · wall_segment Palisade Wall x1 |
| 4:09 | Failey · wall_segment Palisade Wall x1 |
| 4:14 | Failey · wall_segment Palisade Wall x1 |
| 7:37 | Failey · wall_segment Palisade Wall x1 |
| 7:39 | Failey · wall_segment Palisade Wall x1 |
| 9:23 | Failey · first_building Barracks |
| 10:05 | Failey · wall_segment Palisade Wall x6 |
| 10:21 | Failey · wall_segment Palisade Wall x1 |
| 11:14 | Failey · age_up feudal |
| 11:34 | KIV.YourAddHere · wall_segment Palisade Wall x1 |
| 12:37 | KIV.YourAddHere · age_up feudal |
| 14:41 | Failey · wall_segment Palisade Wall x1 |
| 14:48 | Failey · wall_segment Palisade Wall x1 |
| 14:49 | Failey · wall_segment Palisade Wall x1 |
| 14:54 | Failey · wall_segment Palisade Wall x1 |
| 17:53 | Failey · wall_segment Palisade Wall x1 |
| 17:54 | Failey · wall_segment Palisade Wall x1 |
| 17:57 | Failey · wall_segment Palisade Wall x1 |
| 18:11 | KIV.YourAddHere · first_building Archery Range |
| 19:30 | KIV.YourAddHere · wall_segment Palisade Wall x7 |
| 19:52 | KIV.YourAddHere · wall_segment Palisade Wall x1 |
| 19:53 | KIV.YourAddHere · wall_segment Palisade Wall x1 |
| 20:07 | KIV.YourAddHere · wall_segment Palisade Wall x1 |
| 20:37 | Failey · wall_segment Palisade Wall x6 |
| 22:37 | KIV.YourAddHere · first_building Stable |
| 24:03 | Failey · wall_segment Palisade Wall x1 |
| 24:06 | Failey · wall_segment Palisade Wall x1 |
| 25:07 | KIV.YourAddHere · wall_segment Palisade Wall x1 |
| 27:41 | KIV.YourAddHere · wall_segment Palisade Wall x3 |
| 27:42 | KIV.YourAddHere · wall_segment Palisade Wall x5 |
| 28:22 | KIV.YourAddHere · wall_segment Palisade Wall x1 |
| 28:25 | KIV.YourAddHere · wall_segment Palisade Wall x1 |
| 30:15 | Failey · first_market_buy 100 food |
| 31:46 | Failey · wall_segment Palisade Wall x4 |
| 32:05 | KIV.YourAddHere · first_market_sell 100 wood |
| 32:05 | KIV.YourAddHere · first_market_buy 100 food |
| 35:38 | Failey · wall_segment Palisade Wall x1 |
| 35:39 | Failey · wall_segment Palisade Wall x1 |
| 36:14 | Failey · resign |
[ AI ANALYSIS · 1 CREDIT ]
What really happened in this match?
Wolo.gg analyzes every decision: build order, eco, micro, common mistakes by bracket. Personalized analysis on WhatsApp or Discord in 30 seconds.
Civ guide
Franks
Perfil
KIV.YourAddHere